 Dungeon Crawl Stone Soup version 0.30-a0-364-gf6b3ef1049 (webtiles) character file.

Game seed: 6565376858645952629

2619 Essalna the Destroyer (level 9, -3/57 HPs)
             Began as a Tengu Fire Elementalist on Nov 16, 2022.
             Engulfed by a steam dragon's steam (8 damage)
             ... on level 7 of the Dungeon.
             The game lasted 00:15:04 (8281 turns).

Essalna the Destroyer (Tengu Fire Elementalist)     Turns: 8281, Time: 00:15:05

Health: -3/57      AC:  3    Str:  8 (9)  XL:     9   Next: 60%
Magic:  14/14      EV: 14    Int: 17 (19) God:
Gold:   258        SH:  0    Dex: 13 (15) Spells: 3/14 levels left

rFire   . . .      SeeInvis .    y - +2 dagger (venom)
rCold   + . .      Faith    .    (no shield)
rNeg    . . .      Spirit   .    a - +1 robe
rPois   .          Reflect  .    (helmet restricted)
rElec   .          Harm     .    (no cloak)
rCorr   +          Rampage  .    (no gloves)
Will    .....                    (boots unavailable)
Stlth   ++........               (no amulet)
HPRegen 0.29/turn                i - ring of protection from cold
MPRegen 0.14/turn                A - ring of resist corrosion

@: flying quickly and evasively, quick
A: beak, talons 3, nimble flight
a: no special abilities


You were on level 7 of the Dungeon.
You visited 1 branch of the dungeon, and saw 7 of its levels.

You collected 258 gold pieces.

Inventory:

Hand Weapons
 o - a +0 flail of holy wrath
 y - a +2 dagger of venom (weapon)
Missiles
 v - 3 throwing nets
Armour
 a - a +1 robe (worn)
 j - +0 acid dragon scales
Magical Staves
 h - a staff of poison
 k - a staff of earth
 w - a staff of air
Jewellery
 c - an amulet of faith
 i - a ring of protection from cold (left hand)
 A - a ring of resist corrosion (right hand)
Wands
 d - a wand of mindburst (14)
 m - a wand of paralysis (20)
 x - a wand of flame (11)
Scrolls
 f - a scroll of noise
 n - a scroll of identify
 s - a scroll of immolation
Potions
 b - a potion of magic
 e - a potion of degeneration
 g - a potion of lignification {unknown}
 l - 2 potions of flight
 p - a potion of brilliance
 r - a potion of resistance {unknown}
 t - a potion of invisibility {unknown}
 u - a potion of attraction {unknown}
 z - a potion of mutation {unknown}


   Skills:
 + Level 7.1 Fighting
 - Level 2.1 Dodging
 - Level 2.0 Stealth
 - Level 3.0 Spellcasting
 + Level 9.5 Conjurations
 + Level 8.6 Fire Magic


You had 3 spell levels left.
You knew the following spells:

 Your Spells              Type           Power      Damage    Failure   Level
a - Foxfire               Conj/Fire      100%       2x1d9     1%          1
b - Scorch                Fire           62%        2d8       1%          2
c - Flame Wave            Conj/Fire      33%        2d10      4%          4
d - Sticky Flame          Conj/Fire      33%        2d5       4%          4

Your spell library contained the following spells:

 Spells                   Type           Power      Damage    Failure   Level
 Stone Arrow              Conj/Erth      36%        3d9       8%          3
 Inner Flame              Hex/Fire       17%        N/A       9%          3
 Kindle Blastsparks       Fire/Tloc/Air  24%        2d12      16%         3
 Apportation              Tloc           4%         N/A       17%         1
 Necrotise                Necr           8%         1d4       17%         1
 Summon Small Mammal      Summ           8%         N/A       17%         1
 Animate Armour           Summ/Erth      4%         N/A       86%         4
 Lehudib's Crystal Spear  Conj/Erth      9%         10d4      100%        8


Dungeon Overview and Level Annotations

Branches:
Dungeon (7/15)
 Temple: D:4-7

Altars:
Ashenzari
Nemelex Xobeh
Yredelemnul

Shops:
D:1 :

Annotations:
D:5 Blork the orc


Innate Abilities, Weirdness & Mutations

You have a beak for a mouth.
You have claws for feet.
Your magical nature lets you fly swiftly and evasively.


Message History

(Press . to intensify the flame waves.)
You feel sick. The killer bee stings you! The killer bee completely misses you.
A slime creature comes into view.
A wave of flame ripples out!
The flame wave engulfs the killer bee!
The killer bee is almost dead.
The flame wave engulfs the killer bee!
You kill the killer bee!
You feel sick.
You hear a shout!
The killer bee misses you. The killer bee stings you.
You are more poisoned.
The killer bee poisons you!
A wave of flame ripples out!
The flame wave engulfs the killer bee!
You kill the killer bee!
The flame wave engulfs the steam dragon!
The steam dragon is moderately wounded.
The flame wave engulfs the slime creature!
The slime creature is lightly wounded.
You finish channelling waves of flame.
You feel very sick.
You hear a shout! x2; You hear two shouts!
Magic courses through your body.
You feel sick. The steam dragon breathes steam at you.
The ball of steam hits you!
You feel sick.
The centaur shoots an arrow.
The arrow hits you!
* * * LOW HITPOINT WARNING * * *
You feel sick.
Found a dagger.
You feel sick.
You feel better. The steam dragon breathes steam at you.
The ball of steam hits you!!
* * * LOW HITPOINT WARNING * * *
An ogre comes into view. It is wielding a +0 giant spiked club.
Okay, then.
Unknown command.
It was a potion of degeneration.
There was something very wrong with that liquid.
You feel weakened.
You feel dopey.
You feel clumsy.
You are engulfed in a cloud of scalding steam.
You die...

+.......##
##.c.. ##
#..#)..##
###.... .
#..#... #......
.# .......###.#
###
..#......g.#..!.
........§§....#
....####.J.###.#
..).####D......#
......§@§.......
O##...§.§...$.##
#..§####......
#...#. .......
..# # ....... #
....#. ...#


You could see a slime creature, a steam dragon (catching breath) and an ogre.

Vanquished Creatures
  Maggie (D:6)
  Grinder (D:6)
  Sigmund (D:2)
  Eustachio (D:5)
  A steam dragon (D:7)
  Edmund (D:5)
  2 ogres
  A phantom (D:4)
  A necrophage (D:4)
  A gnoll sergeant (D:6)
  3 wights (D:6)
  2 killer bees (D:7)
  2 orc priests
  5 hounds
  3 jellies
  A gnoll bouda (D:5)
  3 iguanas
  Ijyb (D:3)
  Terence (D:2)
  An orc wizard (D:5)
  21 gnolls
  7 adders
  4 white imps
  2 ufetubi
  17 orcs
  3 bats
  9 endoplasms
  A giant cockroach (D:1)
  17 goblins
  10 hobgoblins
  A quokka (D:3)
  5 ball pythons
  6 frilled lizards
  5 kobolds
  3 rats
144 creatures vanquished.

Vanquished Creatures (collateral kills)
  An acid dragon (D:6)
1 creature vanquished.

Vanquished Creatures (others)
  578 foxfires
  4 withered plants (D:3)
582 creatures vanquished.

Grand Total: 727 creatures vanquished

Notes
Turn   | Place    | Note
-------+----------+-------------------------------------------
     0 | D:1      | Essalna the Tengu Fire Elementalist began the quest for the
                  | Orb.
     0 | D:1      | Reached XP level 1. HP: 10/10 MP: 4/4
   158 | D:1      | Reached XP level 2. HP: 16/16 MP: 0/6
   221 | D:1      | Found a faded altar of an unknown god.
   290 | D:1      | Reached skill level 2 in Conjurations
   456 | D:1      | Reached skill level 1 in Fighting
   526 | D:1      | Found Ogih's Vocational Training.
   577 | D:1      | Learned a level 2 spell: Scorch
  1411 | D:2      | You fall into a shaft and drop 2 floors!
  1453 | D:4      | Noticed a phantom
  1457 | D:4      | Noticed a necrophage
  1472 | D:4      | Killed a necrophage
  1473 | D:4      | Reached skill level 3 in Conjurations
  1473 | D:4      | Reached XP level 3. HP: 7/21 MP: 1/7
  1473 | D:4      | Reached XP level 4. HP: 8/26 MP: 1/8
  1478 | D:4      | Learned a level 4 spell: Flame Wave
  1556 | D:4      | Gained mutation: Your magical nature lets you fly swiftly
                  | and evasively. [Tengu growth]
  1556 | D:4      | Reached XP level 5. HP: 27/31 MP: 2/9
  1701 | D:3      | Found a broken altar of Ashenzari.
  2270 | D:2      | Noticed Terence
  2279 | D:2      | Killed Terence
  2280 | D:2      | Reached skill level 4 in Conjurations
  2467 | D:2      | Noticed Sigmund
  2475 | D:2      | Killed Sigmund
  2476 | D:2      | Reached skill level 5 in Fire Magic
  2476 | D:2      | Reached XP level 6. HP: 37/37 MP: 1/10
  2690 | D:2      | Found a sparkling altar of Nemelex Xobeh.
  2868 | D:3      | Noticed Ijyb
  2876 | D:3      | Reached skill level 5 in Conjurations
  2880 | D:3      | Killed Ijyb
  3282 | D:3      | Reached XP level 7. HP: 42/42 MP: 6/11
  3585 | D:3      | Found a basalt altar of Yredelemnul.
  4574 | D:4      | Learned a level 4 spell: Sticky Flame
  4686 | D:5      | Entered Level 5 of the Dungeon
  4716 | D:5      | Noticed Edmund
  4742 | D:5      | Killed Edmund
  4743 | D:5      | Reached skill level 6 in Conjurations
  5040 | D:5      | Noticed Blork the orc
  5047 | D:5      | Reached XP level 8. HP: 15/48 MP: 6/13
  5651 | D:5      | Noticed Eustachio
  5659 | D:5      | Killed Eustachio
  5726 | D:5      | Reached skill level 5 in Fighting
  5842 | D:5      | Reached skill level 7 in Conjurations
  6848 | D:6      | Reached skill level 8 in Conjurations
  7074 | D:6      | Reached XP level 9. HP: 55/55 MP: 14/14
  7186 | D:6      | Noticed Maggie
  7344 | D:6      | Killed Maggie
  7508 | D:6      | Reached skill level 9 in Conjurations
  7698 | D:6      | Noticed Grinder
  7705 | D:6      | Killed Grinder
  7909 | D:7      | Noticed a cyclops
  8281 | D:7      | Engulfed by a steam dragon's steam

Illustrated notes

Levels and vault maps discovered:
D:1:      saegor_arrival_simple_a, layout_basic,
          hellmonk_ecumenical_altar_leap_of_faith, st_stairs_2,
          nicolae_shop_vocational
D:2:      layout_rooms, basic_altar, uniq_terence, uniq_sigmund
D:3:      minmay_bubble_buster, layout_basic, mainiacjoe_overflow_alcove_4,
          yredelemnul_altar_generic, uniq_ijyb
D:4:      layout_rooms
D:5:      layout_basic, hangedman_abyss_or_decor_stabs, uniq_edmund,
          uniq_eustachio, uniq_blork_the_orc
D:6:      layout_loops_ring, minmay_misc_feat_iff, minmay_ogre_servants,
          uniq_maggie, uniq_grinder
D:7:      hangedman_cross_stitches, layout_rooms,
          grunt_temple_overflow_lords_of_destruction, hangedman_ru_absence,
          minmay_temple_entry_oklob

Skill      XL: |  1  2  3  4  5  6  7  8  9 |
---------------+----------------------------+-----
Conjurations   | 3 4 5 6 8 9 |  9.5
Fighting       | 2 3 4 6 7 |  7.1
Fire Magic     | 4 5 6 7 8 |  8.6
Spellcasting   | 3 |  3.0
Dodging        | |  2.1
Stealth        | |  2.0

Action                   |  1- 3 |  4- 6 |  7- 9 || total
-------------------------+-------+-------+-------++-------
Melee: Unarmed           |    12 |     2 |     5 ||    19
       Kick              |     4 |     1 |    11 ||    16
       Peck              |     2 |       |     3 ||     5
       Flail             |       |       |    11 ||    11
       Punch             |       |       |     3 ||     3
       Dagger            |       |       |     4 ||     4
 Cast: Foxfire           |    58 |   100 |   184 ||   342
       Scorch            |     3 |       |    63 ||    66
       Flame Wave        |       |       |     3 ||     3
       Sticky Flame      |       |       |     2 ||     2
  Use: Scroll            |       |       |    17 ||    17
       Potion            |       |       |     4 ||     4
 Stab: Sleeping          |       |       |     1 ||     1
Armor: Robe              |     1 |       |     5 ||     6
Dodge: Dodged            |     7 |     8 |    62 ||    77

Table legend: (Time is in decaauts)
 A = Elapsed time spent in this place.
 B = Non-inter-level travel time spent in this place.
 C = Inter-level travel time spent in this place.
 D = Time resting spent in this place.
 E = Time spent auto-exploring this place.
 F = Levels seen in this place.
 G = Mean time per level.
                   A        B        C        D        E       F      G
               +--------+--------+--------+--------+--------+-----+--------+
         Total |   8002 |   7662 |    340 |    699 |   6006 |   7 | 1143.1 |
       Dungeon |   8002 |   7662 |    340 |    699 |   6006 |   7 | 1143.1 |
               +--------+--------+--------+--------+--------+-----+--------+

Top non-repeatable levels by time:
     D:5: 1831 daAuts
     D:6: 1593 daAuts
     D:1: 1400 daAuts
     D:3: 1355 daAuts
     D:2: 958 daAuts
     D:4: 838 daAuts
     D:7: 25 daAuts
